 Dungeon Crawl Stone Soup version 0.27-a0-46-g34d46f0a3f (webtiles) character file.

Game seed: 8451098726699490732

18236 Borgoz the Cleaver (level 12, -1/165 HPs)
             Began as a Hill Orc Berserker on Jan 6, 2021.
             Was a High Priest of Trog.
             Slain by Azrael
             ... wielding a +1 scimitar of flaming
              (19 damage)
             ... on level 12 of the Dungeon.
             The game lasted 00:22:10 (14631 turns).

Borgoz the Cleaver (Hill Orc Berserker)            Turns: 14631, Time: 00:22:10

Health: -1/165     AC: 21    Str: 26    XL:     12   Next: 56%
Magic:  12/12      EV: 19    Int:  7    God:    Trog [*****.]
Gold:   774        SH:  0    Dex:  9    Spells: 11/11 levels left

rFire    + + .     SeeInvis .   b - +4 executioner's axe (flame)
rCold    + + .     Faith    .   (shield currently unavailable)
rNeg     . . .     Spirit   .   a - +2 fire dragon scales
rPois    +         Reflect  .   s - +2 helmet "Goxzeet" {rC+ Will+ Str+2 Stlth+}
rElec    .         Harm     .   (no cloak)
rCorr    .         Rampage  .   d - +3 pair of gloves of Refuge {+Blink rC++ Str+3 Dex-5}
Will     +....                  (no boots)
Stlth    ..........             i - amulet of the acrobat
HPRegen  0.37/turn              o - +4 ring of evasion
MPRegen  0.13/turn              w - ring of poison resistance

@: berserking, very quick
A: no striking features
a: Renounce Religion, Evoke Blink, Berserk, Trog's Hand, Brothers in Arms


You were on level 12 of the Dungeon.
You worshipped Trog.
Trog was extremely pleased with you.
You visited 2 branches of the dungeon, and saw 13 of its levels.
You also visited: Bailey.

You collected 774 gold pieces.

Inventory:

Hand Weapons
 b - a +4 executioner's axe of flaming (weapon)
Missiles
 t - a throwing net
Armour
 a - +2 fire dragon scales (worn)
 d - the +3 pair of gloves of Refuge (worn) {+Blink rC++ Str+3 Dex-5}
   (You found it in a bailey)

   It affects your strength (+3).
   It affects your dexterity (-5).
   It greatly protects you from cold.
   It lets you blink.
 l - a +0 pair of gloves
 s - the +2 helmet "Goxzeet" (worn) {rC+ Will+ Str+2 Stlth+}
   (You found it on level 10 of the Dungeon)

   It affects your strength (+2).
   It protects you from cold.
   It affects your willpower, your defense against some magical effects.
   It makes you more stealthy.
 y - a +0 helmet
 C - +0 swamp dragon scales
Jewellery
 i - an amulet of the acrobat (around neck)
 k - an uncursed ring of protection from fire
 o - a +4 ring of evasion (left hand)
 r - a +4 ring of protection
 v - an uncursed ring of protection from cold
 w - a ring of poison resistance (right hand)
 x - an uncursed ring of see invisible
Wands
 p - a wand of digging (10)
 F - a wand of acid (3)
 H - a wand of paralysis (4)
Scrolls
 f - 8 scrolls of remove curse
 h - 3 scrolls of teleportation
 j - a scroll of identify
 z - 2 scrolls of blinking
 A - a scroll of holy word
 D - 2 scrolls of fog
 E - a scroll of fear
Potions
 c - 8 potions of ambrosia
 e - 2 potions of flight
 g - 5 potions of curing
 m - a potion of magic
 n - 3 potions of haste
 q - 3 potions of might
 u - a potion of invisibility
 I - 2 potions of mutation


   Skills:
 + Level 11.4 Fighting
 + Level 12.3 Axes
 + Level 10.3 Armour
 * Level 10.9 Dodging


You had 11 spell levels left.
You didn't know any spells.
Your spell library was empty.

Dungeon Overview and Level Annotations

Branches:
Dungeon (12/15)            Temple (1/1) D:5            Lair (0/6) D:11
    Orc (0/2) D:12         Bailey (visited)

Altars:
Ashenzari
Cheibriados
Dithmenos
Elyvilon
Fedhas
Gozag
Hepliaklqana
Kikubaaqudgha
Makhleb
Nemelex Xobeh
Okawaru
Qazlal
Ru
Sif Muna
Trog
Uskayaw
Vehumet
Wu Jian
Xom
Yredelemnul
Zin
The Shining One

Annotations:
D:9 1 runed translucent door, suvakkihuora's ghost, novice DgGl
D:12 Azrael


Message History

You are too injured to fight recklessly!
You are too injured to fight recklessly!
You are too injured to fight recklessly!
You hit Azrael but do no damage. You slice the hell hound!!
You kill the hell hound!
Trog accepts your kill. Azrael gestures at you.
The fireball explodes!
The fireball engulfs you. You resist.
The fireball engulfs Azrael.
Azrael completely resists.
You hear a loud, deep croak!
You slash Azrael!
Azrael is lightly wounded.
Azrael gestures at you.
The sphere of damnation explodes!
The damnation engulfs you!!!
* * * LOW HITPOINT WARNING * * *
The damnation engulfs Azrael.
Azrael completely resists.
You hit Azrael.
Azrael is lightly wounded.
Azrael hits you with a +1 scimitar of flaming!!
You die...

.....#...... ...........
........# ........... ........#
.......## #.......# #......#
#......# ###....## ###......#
###...#####.......
##..........R†# .. #..........@#
.... #....###....#####....
##..### #............. #..##
#............. ##..#
#...#.......# ... ####..##
#...#.......##... ......##
#...#............... .......###
#...#...##.........
#####....####...#...##........###


You could see Azrael (strong).

Vanquished Creatures
  Erolcha (D:11)
  2 two-headed ogres
  Urug (D:10)
  2 orc knights (Bailey)
  2 ugly things
  Psyche (D:8)
  A gargoyle (D:11)
  Maggie (D:8)
  A queen bee (D:10)
  2 red devils (D:10)
  A troll (D:12)
  Prince Ribbit (D:8)
  A wyvern (D:10)
  2 fire elementals (D:12)
  8 yaks (D:11)
  4 vampire mosquitoes (D:12)
  Menkaure (D:5)
  Edmund (D:4)
  The ghost of arkorax the Stinger, an amateur DsVM (D:5)
  2 hell hounds (D:12)
  Duvessa (D:5)
  10 orc warriors
  3 black bears
  A sky beast (D:7)
  3 ice beasts
  An eye of draining (D:9)
  A phantom (D:7)
  A necrophage (D:5)
  10 ogres
  8 centaurs
  4 big kobolds
  Blork the orc (D:4)
  A gnoll sergeant (D:10)
  7 bullfrogs
  A wyvern zombie (D:10)
  Dowan (D:5)
  6 scorpions
  38 killer bees
  8 howler monkeys
  11 wights
  2 electric eels (D:8)
  A bullfrog zombie (D:7)
  4 bullfrog skeletons
  2 centaur skeletons
  3 jellies (D:2)
  2 quasits
  4 hounds
  8 orc priests
  4 iguanas
  Natasha (thrice) (D:3)
  21 orc wizards
  6 worker ants
  2 howler monkey zombies
  Robin (D:4)
  A gnoll (D:10)
  A howler monkey skeleton (D:9)
  11 adders
  3 shadow imps
  A white imp (D:10)
  3 ufetubi
  12 oozes
  4 worms
  3 dart slugs
  5 leopard geckos
  72 orcs
  4 ball pythons
  3 bats
  6 giant cockroaches
  15 goblins
  4 hobgoblins
  10 jackals
  5 quokkas
  3 frilled lizards
  27 kobolds
  6 rats
415 creatures vanquished.

Vanquished Creatures (others)
  2 fire elementals (D:12)
  A hell hound (D:12)
  2 fungi (D:2)
  5 plants (D:8)
  9 toadstools (D:2)
19 creatures vanquished.

Grand Total: 434 creatures vanquished

Notes
Turn   | Place    | Note
-------+----------+-------------------------------------------
     0 | D:1      | Borgoz the Hill Orc Berserker began the quest for the Orb.
     0 | D:1      | Reached XP level 1. HP: 19/19 MP: 1/1
    71 | D:1      | Reached XP level 2. HP: 27/27 MP: 2/2
   660 | D:2      | Reached XP level 3. HP: 22/33 MP: 3/3
  1238 | D:2      | Reached XP level 4. HP: 40/40 MP: 4/4
  1356 | D:2      | Found a glowing silver altar of Zin.
  1640 | D:2      | Reached ** piety under Trog
  1738 | D:2      | Reached XP level 5. HP: 43/47 MP: 5/5
  1742 | D:2      | Reached skill level 5 in Axes
  2193 | D:3      | Reached XP level 6. HP: 36/53 MP: 6/6
  2432 | D:3      | Noticed Natasha
  2443 | D:3      | Killed Natasha
  2547 | D:3      | Noticed Natasha
  2558 | D:3      | Killed Natasha
  2740 | D:3      | Reached *** piety under Trog
  2741 | D:3      | Reached skill level 5 in Fighting
  2773 | D:3      | Noticed Natasha
  2785 | D:3      | Killed Natasha
  3113 | D:4      | Reached XP level 7. HP: 61/61 MP: 7/7
  3262 | D:4      | Noticed Edmund
  3288 | D:4      | Killed Edmund
  3289 | D:4      | Reached skill level 6 in Axes
  3431 | D:4      | Noticed Robin
  3438 | D:4      | Killed Robin
  3964 | D:4      | Noticed Blork the orc
  3979 | D:4      | Killed Blork the orc
  4250 | D:5      | Entered Level 5 of the Dungeon
  4272 | D:5      | Found a staircase to the Ecumenical Temple.
  4292 | Temple   | Entered the Ecumenical Temple
  4565 | D:5      | Reached XP level 8. HP: 37/70 MP: 8/8
  4766 | D:5      | Reached **** piety under Trog
  4872 | D:5      | Noticed Menkaure
  4882 | D:5      | Killed Menkaure
  4883 | D:5      | Reached skill level 5 in Armour
  4883 | D:5      | Reached skill level 5 in Dodging
  5228 | D:5      | Found a runed translucent gate.
  5228 | D:5      | Found a runed translucent gate.
  5228 | D:5      | Found a runed translucent gate.
  5228 | D:5      | Noticed arkorax's ghost (amateur DsVM)
  5259 | D:5      | Reached skill level 7 in Axes
  5626 | D:5      | Noticed Duvessa
  5627 | D:5      | Noticed Dowan
  5633 | D:5      | Killed Duvessa
  5638 | D:5      | Killed Dowan
  5714 | D:5      | Reached XP level 9. HP: 55/79 MP: 9/9
  6315 | D:6      | Reached skill level 8 in Axes
  6518 | D:6      | Reached ***** piety under Trog
  7700 | D:7      | Received a gift from Trog
  8230 | D:7      | Reached skill level 9 in Axes
  8230 | D:7      | Reached XP level 10. HP: 83/88 MP: 10/10
  8501 | D:8      | Noticed Maggie
  8533 | D:8      | Killed Maggie
  8893 | D:8      | Noticed Prince Ribbit
  9111 | D:8      | Found a sparkling altar of Nemelex Xobeh.
  9120 | D:8      | Killed Prince Ribbit
  9159 | D:8      | Noticed Psyche
  9627 | D:8      | Killed Psyche
  9921 | D:7      | Found a snail-covered altar of Cheibriados.
 10141 | D:5      | Killed arkorax's ghost
 10514 | D:9      | Noticed a two-headed ogre
 10521 | D:9      | Killed a two-headed ogre
 10522 | D:9      | Reached skill level 10 in Axes
 10754 | D:9      | Reached XP level 11. HP: 88/96 MP: 11/11
 10783 | D:9      | Found a runed translucent door.
 11014 | D:9      | Found a shimmering altar of Xom.
 11014 | D:9      | Noticed suvakkihuora's ghost (novice DgGl)
 11014 | D:9      | Noticed a +0 trident of chaos
 11138 | D:9      | Found a basalt altar of Yredelemnul.
 11140 | D:9      | Found a blossoming altar of Fedhas.
 11140 | D:9      | Found a shimmering altar of Xom.
 11142 | D:9      | Found an iron altar of Okawaru.
 11142 | D:9      | Found a basalt altar of Yredelemnul.
 11142 | D:9      | Found a snail-covered altar of Cheibriados.
 11479 | D:10     | Entered Level 10 of the Dungeon
 11616 | D:10     | Noticed a two-headed ogre
 11625 | D:10     | Killed a two-headed ogre
 11626 | D:10     | Reached skill level 10 in Fighting
 11830 | D:10     | Found an ancient bone altar of Kikubaaqudgha.
 11830 | D:10     | Noticed a hell beast
 11959 | D:10     | Found a flagged portal.
 11960 | D:10     | Noticed Urug
 11977 | D:10     | Killed Urug
 11978 | D:10     | Reached skill level 11 in Axes
 11991 | Bailey   | Entered a bailey
 12253 | Bailey   | Noticed an orc knight
 12258 | Bailey   | Received a gift from Trog
 12262 | Bailey   | Killed an orc knight
 12289 | Bailey   | Got a pair of fine gloves
 12313 | Bailey   | Identified the +3 pair of gloves of Refuge {+Blink rC++
                  | Str+3 Dex-5} (You found it in a bailey)
 12335 | Bailey   | Noticed an orc knight
 12348 | Bailey   | Killed an orc knight
 12785 | D:10     | Got a steaming helmet
 12806 | D:10     | Identified the +2 helmet "Goxzeet" {rC+ Will+ Str+2 Stlth+}
                  | (You found it on level 10 of the Dungeon)
 12956 | D:10     | Reached skill level 10 in Dodging
 13471 | D:11     | Noticed a white ugly thing
 13477 | D:11     | Killed a white ugly thing
 13602 | D:11     | Reached XP level 12. HP: 108/108 MP: 12/12
 13945 | D:11     | Found a staircase to the Lair.
 14054 | D:11     | Noticed Erolcha
 14058 | D:11     | Killed Erolcha
 14059 | D:11     | Reached skill level 12 in Axes
 14059 | D:11     | Reached skill level 10 in Armour
 14401 | D:12     | Received a gift from Trog
 14416 | D:12     | Got a fading quarterstaff {god gift}
 14417 | D:12     | Identified the +5 quarterstaff of Otyok {antimagic, Dex+3
                  | Stlth+} (Trog gifted it to you on level 12 of the Dungeon)
 14563 | D:12     | Found a staircase to the Orcish Mines.
 14618 | D:12     | Noticed Azrael
 14631 | D:12     | Slain by Azrael

Illustrated notes

Levels and vault maps discovered:
D:1:      dpeg_arrival_more_subterranean_lakeside_camping, layout_basic,
          minivault_11
D:2:      cheibrodos_fertilizer, layout_basic, lemuel_round_altar
D:3:      layout_rooms, serial_glass, glass_columns_c, glass_columns_c,
          uniq_natasha
D:4:      layout_basic, uniq_blork_the_orc, uniq_edmund, uniq_robin
D:5:      layout_gridville, minmay_temple_entry_waves,
          ebering_ghost_rock_garden, uniq_duvessa, uniq_menkaure
D:6:      layout_loops_corners, st_stairs_8, eino_small_chamber_without_monster
D:7:      lemuel_upstairs_altar, layout_gridville, kennysheep_donut,
          kennysheep_generic_room_16
D:8:      layout_basic, serial_bayou_lagoon_a, nicolae_water_bricks,
          nemelex_altar_shiori, uniq_prince_ribbit1, uniq_psyche, uniq_maggie
D:9:      layout_basic, ebering_ghost_xom, glass_columns_a, doesnt_xom_only_xom
D:10:     layout_roguey [special_room_bee], enter_bailey_2,
          lemuel_hellish_altar, uniq_urug
D:11:     layout_basic, lair_entry_dummy, uniq_erolcha
D:12:     layout_layer_cave, erik_orc_4, uniq_nessos, uniq_azrael
Temple:   nicolae_temple_the_god_donut

Skill      XL: |  1  2  3  4  5  6  7  8  9 10 11 12 |
---------------+-------------------------------------+-----
Dodging        | 2 3 4 6 7 8 10 | 10.9
Fighting       | 4 5 6 7 8 9 10 11 | 11.4
Armour         | 3 4 5 7 8 9 10 | 10.3
Axes           | 5 6 7 9 10 11 12 | 12.3

Action                   |  1- 3 |  4- 6 |  7- 9 | 10-12 || total
-------------------------+-------+-------+-------+-------++-------
Melee: Hand axe          |    60 |   157 |   219 |       ||   436
       War axe           |       |       |   216 |   397 ||   613
       Executioner's axe |       |       |       |   221 ||   221
       Great mace        |       |       |       |    38 ||    38
Invok: Berserk           |     2 |     5 |     9 |    15 ||    31
       Trog's Hand       |       |       |       |     2 ||     2
Evoke: Wand              |       |       |       |    28 ||    28
  Use: Scroll            |       |     6 |    11 |     9 ||    26
       Potion            |       |       |       |     2 ||     2
 Stab: Paralysed         |       |       |       |     5 ||     5
Armor: Animal skin       |    10 |       |       |       ||    10
       Ring mail         |     4 |    31 |       |       ||    35
       Chain mail        |       |    30 |     6 |       ||    36
       Scale mail        |       |       |    97 |     2 ||    99
       Swamp dragon scal |       |       |       |   162 ||   162
       Fire dragon scale |       |       |       |   114 ||   114
Dodge: Dodged            |    53 |    89 |   375 |   974 ||  1491

Table legend: (Time is in decaauts)
 A = Elapsed time spent in this place.
 B = Non-inter-level travel time spent in this place.
 C = Inter-level travel time spent in this place.
 D = Time resting spent in this place.
 E = Time spent auto-exploring this place.
 F = Levels seen in this place.
 G = Mean time per level.
                   A        B        C        D        E       F      G
               +--------+--------+--------+--------+--------+-----+--------+
         Total |  14996 |  14473 |    523 |   3224 |   8229 |  14 | 1071.1 |
       Dungeon |  14168 |  13661 |    507 |   3167 |   7705 |  12 | 1180.7 |
        Temple |    252 |    236 |     16 |      0 |    236 |   1 |  252.0 |
        Bailey |    574 |    574 |      0 |     57 |    288 |   1 |  574.0 |
               +--------+--------+--------+--------+--------+-----+--------+

Top non-repeatable levels by time:
     D:5: 1788 daAuts
     D:2: 1507 daAuts
     D:8: 1492 daAuts
     D:9: 1425 daAuts
    D:10: 1347 daAuts
     D:4: 1257 daAuts
     D:7: 1203 daAuts
     D:6: 1192 daAuts
    D:11: 1008 daAuts
     D:3: 997 daAuts
     D:1: 582 daAuts
  Bailey: 574 daAuts
    D:12: 366 daAuts
  Temple: 252 daAuts
